 Dungeon Crawl Stone Soup version 0.19.1 (webtiles) character file.

116 SQman the Skirmisher (level 5, -1/41 HPs)
             Began as a Human Wanderer on Dec 5, 2016.
             Was an Initiate of Sif Muna.
             Slain by a gnoll
             ... wielding a +0 flail
              (4 damage)
             ... on level 3 of the Dungeon.
             The game lasted 00:15:39 (1409 turns).

SQman the Skirmisher (Human Wanderer)               Turns: 1409, Time: 00:15:41

Health: -1/41      AC:  9    Str: 14      XL:     5   Next: 21%
Magic:  14/14      EV:  9    Int: 12      God:    Sif Muna [......]
Gold:   107        SH:  3    Dex: 11 (12) Spells: 0 memorised, 4 levels left

rFire  . . .     SeeInvis .     a - +3 mace
rCold  . . .     Gourm    .     g - +0 scale mail
rNeg   . . .     Faith    .     (no shield)
rPois  .         Spirit   .     n - +2 helmet
rElec  .         Reflect  +     (no cloak)
rCorr  .         Harm     .     (no gloves)
MR     .....                    (no boots)
Stlth  ..........               h - +3 amulet of reflection
                                m - ring of flight
                                f - ring of magical power

@: very slightly contaminated
A: frail 1, mutation resistance 1
a: Renounce Religion, Evoke Flight


You were on level 3 of the Dungeon.
You worshipped Sif Muna.
Sif Muna was noncommittal.
You were hungry.

You visited 1 branch of the dungeon, and saw 3 of its levels.

You collected 107 gold pieces.

Inventory:

Hand Weapons
 a - a +3 mace (weapon)
 j - a +0 falchion
Missiles
 e - 47 stones (quivered)
Armour
 b - a +0 ring mail
 g - a +0 scale mail (worn)
 l - a +0 chain mail
 n - a +2 helmet (worn)
Jewellery
 f - a ring of magical power (left hand)
 h - a +3 amulet of reflection (around neck)
 m - a ring of flight (right hand)
Comestibles
 d - a bread ration


   Skills:
 + Level 6.0 Fighting
 + Level 2.5 Maces & Flails
 + Level 1.4 Throwing
 + Level 2.3 Armour
 + Level 0.6 Dodging
   Level 1.0 Shields


You had 4 spell levels left.
You didn't know any spells.

Dungeon Overview and Level Annotations

Branches:
Dungeon (3/15)

Altars:
Sif Muna


Innate Abilities, Weirdness & Mutations

You are frail. (-10% HP)
You are somewhat resistant to further mutation.


Message History

You hit the gnoll.
The gnoll is moderately wounded.
The bat hits you but does no damage. The gnoll barely misses you.
You hit the gnoll.
The gnoll is severely wounded.
The bat hits you but does no damage. The gnoll hits you with a club.
* * * LOW HITPOINT WARNING * * *
The bat hits you but does no damage. The gnoll barely misses you.
You hit the gnoll.
The gnoll is almost dead.
The bat completely misses you. The gnoll hits you but does no damage.
The gnoll hits you with a flail.
* * * LOW HITPOINT WARNING * * *
You barely miss the gnoll.
The gnoll is almost dead.
The bat closely misses you. The bat hits you but does no damage.
The gnoll hits you with a club.
* * * LOW HITPOINT WARNING * * *
The gnoll hits you with a flail.
You die...

########?
#........
#........
.#########........
........##gb......
.........g@.......
..#####.#######.#.
#.# . #g# . #.# .#
#
#.#####.#####.#.##
..................
##.####.........#
...........#####


You could see 2 gnolls and a bat.

Vanquished Creatures
  Terence (D:2)
  An adder (D:2)
  2 gnolls (D:3)
  A shadow imp (D:3)
  An ooze (D:2)
  A worm (D:2)
  2 dart slugs (D:1)
  2 leopard geckos
  3 orcs (D:3)
  A ball python (D:3)
  2 giant cockroaches
  A goblin (D:2)
  4 hobgoblins
  6 jackals
  6 bats
  2 frilled lizards (D:3)
  2 kobolds (D:1)
  3 rats
41 creatures vanquished.

Notes
Turn   | Place    | Note
-------+----------+-------------------------------------------
     0 | D:1      | SQman the Human Wanderer began the quest for the Orb.
     0 | D:1      | SQman set off with: a +2 mace, a +0 ring mail, a potion of curing, a bread ration
     0 | D:1      | Reached XP level 1. HP: 21/21 MP: 1/1
   176 | D:1      | Reached XP level 2. HP: 26/27 MP: 2/2
   373 | D:1      | Reached XP level 3. HP: 18/34 MP: 3/3
   498 | D:1      | Gained mutation: You are somewhat resistant to further mutation. [potion of mutation]
   498 | D:1      | Gained mutation: You are frail. (-10% HP) [potion of mutation]
   637 | D:2      | Noticed Terence
   660 | D:2      | Killed Terence
   660 | D:2      | Reached XP level 4. HP: 20/36 MP: 4/4
   874 | D:2      | Reached skill level 6 in Fighting
  1057 | D:2      | Found a deep blue altar of Sif Muna.
  1067 | D:2      | Became a worshipper of Sif Muna the Loreminder
  1295 | D:3      | Reached XP level 5. HP: 14/41 MP: 5/5
  1409 | D:3      | Slain by a gnoll

Skill      XL: |  1  2  3  4 |
---------------+-------------+-----
Armour         | 2 |  2.3
Fighting       | 6 |  6.0
Maces & Flails | |  2.5
Throwing       | |  1.4
Dodging        | |  0.6
Shields        | |  1.0

Action                   |  1- 3 |  4- 6 || total
-------------------------+-------+-------++-------
Melee: Mace              |    66 |    79 ||   145
Throw: Stone             |     6 |    35 ||    41
  Use: Scroll            |     3 |     3 ||     6
       Potion            |     4 |     4 ||     8
  Eat: Chunk             |       |     1 ||     1
Armor: Ring mail         |     9 |       ||     9
       Scale mail        |    15 |    34 ||    49
       Skin              |       |     5 ||     5
Dodge: Dodged            |    35 |    33 ||    68
Block: Other             |     9 |    16 ||    25
       Reflection        |     1 |       ||     1
